 Dungeon Crawl Stone Soup version 0.29-a0-2-g12fcac58f8 (webtiles) character file.

Game seed: 18279248363703242070

84 hashsling the Stinger (level 4, -4/30 HPs)
             Began as a Merfolk Venom Mage on Jan 26, 2022.
             Slain by a gnoll (6 damage)
             ... on level 3 of the Dungeon.
             The game lasted 00:03:37 (2418 turns).

hashsling the Stinger (Merfolk Venom Mage)          Turns: 2418, Time: 00:03:37

Health: -4/30      AC:  2    Str:  8    XL:     4   Next: 46%
Magic:  1/7        EV: 17    Int: 16    God:
Gold:   75         SH:  0    Dex: 14    Spells: 4/7 levels left

rFire   . . .      SeeInvis .   c - +0 short sword
rCold   . . .      Faith    .   (no shield)
rNeg    . . .      Spirit   .   a - +0 robe
rPois   .          Reflect  .   (no helmet)
rElec   .          Harm     .   (no cloak)
rCorr   .          Rampage  .   (no gloves)
Will    .....                   (no boots)
Stlth   ++........              (no amulet)
HPRegen 0.10/turn               e - +4 ring of evasion
MPRegen 0.10/turn               j - ring of wizardry

@: no status effects
A: (nimble swimmer 2), mertail
a: no special abilities


You were on level 3 of the Dungeon.
You visited 1 branch of the dungeon, and saw 3 of its levels.

You collected 75 gold pieces.

Inventory:

Hand Weapons
 c - a +0 short sword (weapon)
Armour
 a - a +0 robe (worn)
Jewellery
 e - a +4 ring of evasion (left hand)
 g - an amulet of guardian spirit
 j - a ring of wizardry (right hand)
Scrolls
 f - a scroll of immolation {unknown}
 i - a scroll of amnesia {unknown}
Potions
 b - a potion of resistance {unknown}
 d - a potion of flight {unknown}
 h - a potion of haste {unknown}


   Skills:
 + Level 4.2 Dodging
 - Level 3.0 Stealth
 - Level 2.0 Spellcasting
 - Level 2.0 Transmutations
 + Level 4.3 Poison Magic


You had 4 spell levels left.
You knew the following spells:

 Your Spells              Type           Power      Damage    Failure   Level
a - Sting                 Tmut/Pois      44%        1d5       2%          1
b - Poisonous Vapours     Pois/Air       16%        N/A       5%          2

Your spell library contained the following spells:

 Spells                   Type           Power      Damage    Failure   Level
 Mephitic Cloud           Conj/Pois/Air  6%         N/A       14%         3
 Olgreb's Toxic Radiance  Pois           15%        N/A       14%         4
 Tukima's Dance           Hex            1%         N/A       24%         3
 Anguish                  Hex/Necr       0%         N/A       58%         4
 Enfeeble                 Hex            0%         N/A       100%        7


Dungeon Overview and Level Annotations

Branches:
Dungeon (3/15)

Altars:
Vehumet


Innate Abilities, Weirdness & Mutations

((You are very nimble when in or above water. (Stealth+, EV+, Speed+++)))
Your lower body shifts to a powerful aquatic tail in water.


Message History

The endoplasm hits you.
You barely miss the endoplasm. You punch the endoplasm.
You kill the endoplasm!
You hit the gnoll.
The gnoll is lightly wounded.
The gnoll hits you with a +0 flail.
The sting hits the gnoll.
The gnoll is poisoned.
The gnoll is moderately wounded.
The gnoll hits you with a +0 flail!
You are too injured to fight recklessly!
You are too injured to fight recklessly!
Unknown command.
You are too injured to fight recklessly!
You hit the gnoll but do no damage.
The gnoll is moderately wounded.
The gnoll closely misses you.
You hit the gnoll but do no damage.
The gnoll is moderately wounded.
The gnoll barely misses you.
You hit the gnoll.
The gnoll is almost dead.
The gnoll barely misses you.
You hit the gnoll but do no damage.
The gnoll is almost dead.
The gnoll closely misses you. The gnoll hits you with a +0 flail!
* * * LOW HITPOINT WARNING * * *
You hit the gnoll but do no damage.
The gnoll is almost dead.
The gnoll hits you with a +0 flail.
* * * LOW HITPOINT WARNING * * *
You barely miss the gnoll.
The gnoll is almost dead.
You kill the gnoll!
Aiming: Sting (safe; 2% risk of failure)
Press: ? - help, Q - select action, (/) - cycle Shift-Dir - straight line, f - gnoll
Aim: a gnoll, wielding a +0 flail (75% to hit)
The sting misses the gnoll.
The gnoll misses you. The gnoll hits you with a +0 flail.
You die...

###### ...#
#....# ...
###....##..
.........
#...... #
#.....##..#.
#...†.......
#...w###
#...†g@#
#...####
#..! #...
##Jw ..g
..g. ....


You could see a worm and a gnoll.

Vanquished Creatures
  4 adders
  A gnoll (D:3)
  6 endoplasms
  2 giant cockroaches (D:1)
  2 hobgoblins
  3 jackals (D:3)
  4 kobolds
  2 quokkas (D:1)
  2 ball pythons
  6 bats
  3 frilled lizards
  2 rats
37 creatures vanquished.

Notes
Turn   | Place    | Note
-------+----------+-------------------------------------------
     0 | D:1      | hashsling the Merfolk Venom Mage began the quest for the
                  | Orb.
     0 | D:1      | Reached XP level 1. HP: 13/13 MP: 3/3
   379 | D:1      | Reached XP level 2. HP: 19/19 MP: 0/5
  1339 | D:2      | Found a radiant altar of Vehumet.
  1394 | D:2      | Learned a level 2 spell: Poisonous Vapours
  1475 | D:2      | Reached XP level 3. HP: 21/24 MP: 4/6
  1882 | D:2      | Found a faded altar of an unknown god.
  2273 | D:2      | Reached XP level 4. HP: 30/30 MP: 5/7
  2418 | D:3      | Slain by a gnoll

Illustrated notes

Levels and vault maps discovered:
D:1:      nicolae_arrival_memento_mori, layout_basic, serial_forest,
          infiniplex_forest_corner_2, infiniplex_forest_lined_2,
          infiniplex_forest_lined_2, infiniplex_forest_clump_medium,
          infiniplex_forest_end_2, infiniplex_forest_lined_corner,
          kennysheep_minor_cross
D:2:      layout_loops_cross, shapermc_ecumenical_altar_totnotflames,
          basic_altar, item_on_display_a
D:3:      layout_basic, minmay_misc_feat_alley

Skill      XL: |  1  2  3  4 |
---------------+-------------+-----
Dodging        | 3 4 |  4.2
Transmutations | 2 |  2.0
Stealth        | 3 |  3.0
Poison Magic   | 4 |  4.3
Spellcasting   | |  2.0

Action                   |  1- 3 |  4- 6 || total
-------------------------+-------+-------++-------
Melee: Short sword       |    43 |    19 ||    62
       Unarmed           |     2 |       ||     2
       Punch             |       |     1 ||     1
 Cast: Sting             |    46 |    11 ||    57
Armor: Robe              |    14 |     3 ||    17
Dodge: Dodged            |    55 |    18 ||    73

Table legend: (Time is in decaauts)
 A = Elapsed time spent in this place.
 B = Non-inter-level travel time spent in this place.
 C = Inter-level travel time spent in this place.
 D = Time resting spent in this place.
 E = Time spent auto-exploring this place.
 F = Levels seen in this place.
 G = Mean time per level.
                   A        B        C        D        E       F      G
               +--------+--------+--------+--------+--------+-----+--------+
         Total |   2422 |   2369 |     53 |      0 |   2095 |   3 |  807.3 |
       Dungeon |   2422 |   2369 |     53 |      0 |   2095 |   3 |  807.3 |
               +--------+--------+--------+--------+--------+-----+--------+

Top non-repeatable levels by time:
     D:1: 1340 daAuts
     D:2: 1051 daAuts
     D:3: 30 daAuts
